 Dungeon Crawl Stone Soup version 0.27-a0-1321-gd358eaa319 (webtiles) character file.

Game seed: 1211492485372478570

175 Ijustatesigmund the Chopper (level 5, -5/45 HPs)
             Began as a Hill Orc Fighter on June 22, 2021.
             Slain by an ice beast (12 damage)
             ... on level 6 of the Dungeon.
             The game lasted 00:03:57 (3095 turns).

Ijustatesigmund the Chopper (Hill Orc Fighter)      Turns: 3095, Time: 00:03:58

Health: -5/45      AC:  6    Str: 18 (19) XL:     5   Next: 55%
Magic:  5/5        EV:  7    Int:  6 (8)  God:
Gold:   127        SH: 10    Dex: 15 (17) Spells: 4/4 levels left

rFire    . . .     SeeInvis .   a - +3 war axe
rCold    . . .     Faith    .   c - +1 kite shield
rNeg     . . .     Spirit   .   b - +0 scale mail
rPois    .         Reflect  .   (no helmet)
rElec    .         Harm     .   (no cloak)
rCorr    .         Rampage  .   (no gloves)
Will     .....                  (no boots)
Stlth    ..........             (no amulet)
HPRegen  0.15/turn              g - +6 ring of dexterity
MPRegen  0.09/turn              (no ring)

@: mighty
A: no striking features
a: no special abilities


You were on level 6 of the Dungeon.
You visited 1 branch of the dungeon, and saw 6 of its levels.

You collected 127 gold pieces.

Inventory:

Hand Weapons
 a - a +3 war axe (weapon)
Armour
 b - a +0 scale mail (worn)
 c - a +1 kite shield (worn)
Jewellery
 g - a +6 ring of dexterity (left hand)
Scrolls
 e - 2 scrolls of teleportation
 f - a scroll of summoning


   Skills:
 - Level 3.6 Fighting
 + Level 7.4 Axes
 - Level 3.2 Armour
 - Level 3.2 Shields


You had 4 spell levels left.
You didn't know any spells.
Your spell library was empty.

Dungeon Overview and Level Annotations

Branches:
Dungeon (7/15)
 Temple: D:4-7

Altars:

Annotations:
D:4 3 runed translucent doors, Eustachio; Ijustatesigmund's ghost, amateur HOFi


Message History

The orc wizard gestures at you while chanting.
The orc priest hits you with a +0 flail.
The orc priest shouts, "Join the one true god or die!"
You slash the orc priest!
The orc priest is heavily wounded.
You barely miss the orc. You slash something!
The orc priest shouts, "Join the one true god or die!"
The orc barely misses you. Something hits you but does no damage.
The orc priest hits you with a +0 flail.
The orc wizard closely misses you.
Something hits the orc.
Something hits you but does no damage.
There is a shaft here.
You fall into a shaft and drop 3 floors!
The shaft crumbles and collapses.
Reactivating autopickup.
An ice beast comes into view.
Found 21 bolts and a smoky green potion.
Found an escape hatch in the ceiling and an escape hatch in the floor.
Found a stone staircase leading up and a stone staircase leading down.
You feel less confused.
Found 8 stones.
There is a stone staircase leading up here.
The ice beast hits you. The ice beast freezes you!
* * * LOW HITPOINT WARNING * * *
You climb upwards.
Found a leather armour.
There is a stone staircase leading down here.
It was a potion of degeneration.
There was something very wrong with that liquid.
You feel weakened.
You feel dopey.
You feel clumsy. You block the ice beast's attack.
You feel very mighty all of a sudden. You block the ice beast's attack.
You barely miss the ice beast. You block the ice beast's attack.
You slice the ice beast!!
The ice beast is severely wounded.
The ice beast hits you.
* * * LOW HITPOINT WARNING * * *
The ice beast freezes you!
You die...

#### #..
####.#######
+..Y@.......
####.#######
#.# #.# #[#
#.# #.# #.#


You could see an ice beast.

Vanquished Creatures
  An iguana (D:3)
  Terence (D:3)
  7 adders
  2 dart slugs
  An orc (D:3)
  3 bats
  8 endoplasms
  A giant cockroach (D:2)
  5 goblins
  7 hobgoblins
  5 kobolds
  A quokka (D:2)
  9 ball pythons
  5 frilled lizards
  5 rats
61 creatures vanquished.

Vanquished Creatures (others)
  3 plants (D:1)
  12 withered plants (D:1)
15 creatures vanquished.

Grand Total: 76 creatures vanquished

Notes
Turn   | Place    | Note
-------+----------+-------------------------------------------
     0 | D:1      | Ijustatesigmund the Hill Orc Fighter began the quest for
                  | the Orb.
     0 | D:1      | Reached XP level 1. HP: 19/19 MP: 1/1
    72 | D:1      | Reached skill level 3 in Axes
   137 | D:1      | Reached XP level 2. HP: 26/26 MP: 2/2
   306 | D:1      | Reached skill level 4 in Axes
   585 | D:1      | Found a faded altar of an unknown god.
   992 | D:2      | Reached XP level 3. HP: 28/31 MP: 3/3
  1116 | D:2      | Reached skill level 5 in Axes
  1431 | D:2      | Reached XP level 4. HP: 36/39 MP: 4/4
  1557 | D:2      | Reached skill level 6 in Axes
  1763 | D:3      | Noticed Terence
  1772 | D:3      | Killed Terence
  2262 | D:3      | Reached XP level 5. HP: 45/45 MP: 5/5
  2502 | D:3      | Reached skill level 7 in Axes
  2962 | D:4      | Noticed Eustachio
  3026 | D:4      | Found a runed translucent gate.
  3052 | D:4      | Found a runed translucent gate.
  3052 | D:4      | Found a runed translucent gate.
  3052 | D:4      | Noticed Ijustatesigmund's ghost (amateur HOFi)
  3053 | D:4      | Noticed a kobold brigand
  3084 | D:4      | You fall into a shaft and drop 3 floors!
  3084 | D:7      | Noticed an ice beast
  3095 | D:6      | Slain by an ice beast

Illustrated notes

Levels and vault maps discovered:
D:1:      minmay_arrival_jagged, layout_loops_ring,
          shapermc_ecumenical_altar_flowoftime
D:2:      layout_rooms, serial_rivers, chequers_serial_rivers_room_b,
          chequers_serial_rivers_marsh, chequers_serial_rivers_small_a,
          chequers_serial_rivers_large_a, chequers_serial_rivers_small_3
D:3:      layout_basic, minmay_starry_boxes, uniq_terence
D:4:      layout_rooms, nicolae_ashenzari_panopticon, serial_shops, shop,
          kennysheep_mini_moat, shop, kennysheep_mini, shop,
          gammafunk_ghost_split, uniq_duvessa, uniq_eustachio
D:6:      layout_basic
D:7:      layout_basic, gammafunk_ghost_abyssal_escape,
          chequers_serial_rivers_micro_e

Skill      XL: |  1  2  3  4  5 |
---------------+----------------+-----
Axes           | 3 4 5 6 7 |  7.4
Fighting       | |  3.6
Armour         | |  3.2
Shields        | |  3.2

Action                   |  1- 3 |  4- 6 || total
-------------------------+-------+-------++-------
Melee: War axe           |   111 |    67 ||   178
  Use: Scroll            |     1 |    10 ||    11
       Potion            |       |     3 ||     3
Armor: Scale mail        |    43 |    24 ||    67
Dodge: Dodged            |    34 |    14 ||    48
Block: Kite shield       |    55 |    37 ||    92

Table legend: (Time is in decaauts)
 A = Elapsed time spent in this place.
 B = Non-inter-level travel time spent in this place.
 C = Inter-level travel time spent in this place.
 D = Time resting spent in this place.
 E = Time spent auto-exploring this place.
 F = Levels seen in this place.
 G = Mean time per level.
                   A        B        C        D        E       F      G
               +--------+--------+--------+--------+--------+-----+--------+
         Total |   3200 |   3129 |     71 |    434 |   2139 |   6 |  533.3 |
       Dungeon |   3200 |   3129 |     71 |    434 |   2139 |   6 |  533.3 |
               +--------+--------+--------+--------+--------+-----+--------+

Top non-repeatable levels by time:
     D:3: 1346 daAuts
     D:1: 1016 daAuts
     D:2: 769 daAuts
     D:4: 58 daAuts
     D:7: 6 daAuts
     D:6: 4 daAuts
